 Dungeon Crawl Stone Soup version 0.22-a0-135-g6f012ad (webtiles) character file.

9 KristoblXynda the Magician (level 2, 0/22 HPs)
             Began as a Minotaur Wizard on Feb 1, 2018.
             Slain by a gnoll
             ... wielding a cursed +0 whip
              (5 damage)
             ... on level 1 of the Dungeon.
             The game lasted 00:01:05 (930 turns).

KristoblXynda the Magician (Minotaur Wizard)         Turns: 930, Time: 00:01:06

Health: 0/22       AC:  2    Str: 11    XL:     2   Next: 3%
Magic:  0/4        EV: 12    Int: 15    God:
Gold:   0          SH:  0    Dex:  8    Spells: 4/5 levels left

rFire    . . .     SeeInvis .   (no weapon)
rCold    . . .     Gourm    .   (no shield)
rNeg     . . .     Faith    .   a - +0 robe
rPois    .         Spirit   .   b - +0 hat
rElec    .         Reflect  .   (no cloak)
rCorr    .         Harm     .   (no gloves)
MR       .....                  (no boots)
Stlth    +.........             (no amulet)
HPRegen  0.07/turn              (no ring)
MPRegen  0.09/turn              (no ring)

@: no status effects
A: retaliatory headbutt, horns 2
a: no special abilities


You were on level 1 of the Dungeon.
You were not hungry.

You visited 1 branch of the dungeon, and saw 1 of its levels.

Inventory:

Armour
 a - a +0 robe (worn)
 b - a +0 hat (worn)
Jewellery
 f - a cursed amulet of inaccuracy {unknown}
Scrolls
 e - a scroll of amnesia {unknown}
Books
 c - a book of Minor Magic

   Spells                             Type                      Level
   a - Magic Dart                     Conjuration                  1
   b - Blink                          Translocation                2
   c - Call Imp                       Summoning                    2
   d - Slow                           Hexes                        2
   e - Conjure Flame                  Conjuration/Fire             3
   f - Mephitic Cloud                 Conjuration/Poison/Air       3
Comestibles
 d - 2 rations


   Skills:
 + Level 0.6 Fighting
 - Level 2.1 Dodging
 - Level 1.5 Stealth
 * Level 2.3 Spellcasting
 * Level 1.0 Conjurations
   Level 0.6 Summonings
   Level 0.6 Translocations


You had 4 spell levels left.
You knew the following spells:

 Your Spells              Type           Power        Failure   Level  Hunger
a - Magic Dart            Conj           #...         14%         1    #......


Dungeon Overview and Level Annotations

Branches:
Dungeon (1/15)

Altars:


Innate Abilities, Weirdness & Mutations

You reflexively headbutt those who attack you in melee.
You have a pair of horns on your head.


Message History

The gnoll is heavily wounded.
The gnoll hits you with a whip!
* * * LOW HITPOINT WARNING * * *
Casting: Magic Dart (safe; 14% risk of failure)
Confirm with . or Enter, or press ? or * to list all spells.
Aiming: Magic Dart (safe; 14% risk of failure)
Press: ? - help, Shift-Dir - straight line, f/p - gnoll
Aim: a gnoll, wielding a whip (heavily wounded)
The magic dart hits the gnoll.
The gnoll is severely wounded.
The gnoll barely misses you.
Casting: Magic Dart (safe; 14% risk of failure)
Confirm with . or Enter, or press ? or * to list all spells.
Aiming: Magic Dart (safe; 14% risk of failure)
Press: ? - help, Shift-Dir - straight line, f/p - gnoll
Aim: a gnoll, wielding a whip (severely wounded)
The magic dart hits the gnoll.
The gnoll is almost dead.
The gnoll hits you with a whip.
You die...

#...# #.##.##.#
##..##########.##.##.###
#.....................########.#
##.##########.##.##.#..........#
#.# #.##.##.############
###.######## #.......#
#..........# ####..### #######
#.#.######.#######.# #.....#
#.#.# #.....g@..########.###.#
#.#.############............#
#.# #.#.....# ##..########.###.#
#.#####.# ##.# #.....# #.# #.#
#.# ###.### ..# #.# #.# #.###
### #.##########.# #....
#............# #####
##############


You could see a gnoll.

Vanquished Creatures
  A goblin (D:1)
  2 hobgoblins (D:1)
  3 jackals (D:1)
  A rat (D:1)
7 creatures vanquished.

Notes
Turn   | Place    | Note
-------+----------+-------------------------------------------
     0 | D:1      | KristoblXynda the Minotaur Wizard began the quest for the Orb.
     0 | D:1      | Reached XP level 1. HP: 14/14 MP: 2/2
   123 | D:1      | Reached skill level 1 in Conjurations
   539 | D:1      | Reached XP level 2. HP: 9/22 MP: 4/4
   930 | D:1      | Slain by a gnoll

Vault maps used:
D:1:      onia_arrival_mini_spirals

Skill      XL: |  1 |
---------------+----+-----
Conjurations   | 1 |  1.0
Fighting       | |  0.6
Dodging        | |  2.1
Stealth        | |  1.5
Spellcasting   | |  2.3
Summonings     | |  0.6
Translocations | |  0.6

Action                   || total
-------------------------++-------
Melee: Unarmed           ||    37
       Headbutt          ||     3
 Cast: Magic Dart        ||    14
Armor: Robe              ||    13
Dodge: Dodged            ||    35

Table legend:
 A = Spawn XP
 B = Non-spawn XP
 C = Spawn XP percentage of total XP
 D = Spawn monster count
 E = Non-spawn monster count
 F = Spawn count percentage of total count
 G = Total turns spent on level
                    A         B        C        D         E        F      G
               +---------+---------+-------+---------+---------+-------+---------
         Total |       0 |      13 |   0.0 |       0 |       7 |   0.0 |   930
               +---------+---------+-------+---------+---------+-------+---------
           D:1 |       0 |      13 |   0.0 |       0 |       7 |   0.0 |   930
               +---------+---------+-------+---------+---------+-------+---------
